APL (24 & UNDER)
STATE COLLEGE SPIKES @ NANTUCKET ORCAS
09/01/2030
 
TOP OF THE 1ST
State College Spikes batting - Pitching for Nantucket Orcas : RHP John Arnold
Pitching: RHP John Arnold
Batting: RHB Jorge Molina 0-0: Foul Ball, location: 2F
0-1: Ball
1-1: Ball
2-1: Foul Ball, location: 2F
2-2: Strikes out swinging
Batting: RHB Norberto Márquez 0-0: Foul Ball, location: 2F
0-1: Ball
1-1: Ball
2-1: SINGLE (Line Drive, 56D)
Batting: RHB Iván Romero 0-0: Ball
Norberto Márquez steals 2nd base
1-0: Ball
2-0: Ball
3-0: Called Strike
3-1: 2-RUN HOME RUN (Flyball, 7D), Distance : 386 ft
Batting: LHB Javier Morales 0-0: Ball
1-0: Called Strike
1-1: Ball
2-1: Ball
3-1: Ground out U3 (Groundball, 23)
Batting: RHB Héctor Villarreal 0-0: Ball
1-0: Ball
2-0: Called Strike
2-1: Foul Ball, location: 2F
2-2: Ground out 6-3 (Groundball, 6D)
Top of the 1st over - 2 runs, 2 hits, 0 errors, 0 left on base; State College 2 - Nantucket 0
BOTTOM OF THE 1ST
Nantucket Orcas batting - Pitching for State College Spikes : LHP Arnie Green
Pitching: LHP Arnie Green
Batting: RHB Charlie Pérez 0-0: Ball
1-0: Ball
2-0: Ball
3-0: Called Strike
3-1: Ground out 1-3 (Groundball, P)
Batting: RHB Demetrio Inrouville 0-0: Called Strike
0-1: Foul Ball, location: 2F
0-2: Ball
1-2: Strikes out swinging
Batting: RHB Hunter Hudson 0-0: Called Strike
0-1: Ball
1-1: Ball
2-1: Swinging Strike
2-2: Ball
3-2: Foul Ball, location: 2F
3-2: Base on Balls
Batting: RHB Juan Gómez 0-0: Called Strike
0-1: SINGLE (Line Drive, 7LS)
Hunter Hudson to second
Batting: RHB Luis Cruz 0-0: Ball
1-0: Ball
2-0: Called Strike
2-1: Ball
3-1: Called Strike
3-2: Fly out, F3 (Popup, 3SF)
Bottom of the 1st over - 0 runs, 1 hit, 0 errors, 2 left on base; State College 2 - Nantucket 0
TOP OF THE 2ND
State College Spikes batting - Pitching for Nantucket Orcas : RHP John Arnold
Batting: RHB António Trevino 0-0: Swinging Strike
0-1: Ball
1-1: Ball
2-1: SINGLE (Groundball, 15S) (infield hit)
Batting: LHB Tom McTier 0-0: Ball
1-0: Fielders Choice at 2nd, 1-6 (Groundball, 13S)
Batting: RHB Kululu Kijana 0-0: Foul Ball, location: 2F
0-1: Called Strike
0-2: Ball
1-2: Ball
2-2: Foul Ball, location: 2F
2-2: Strikes out looking
Batting: RHB Tony Flores 0-0: Ball
Tom McTier is caught stealing 2nd base
Top of the 2nd over - 0 runs, 1 hit, 0 errors, 0 left on base; State College 2 - Nantucket 0
BOTTOM OF THE 2ND
Nantucket Orcas batting - Pitching for State College Spikes : LHP Arnie Green
Batting: SHB Cristián Salazar 0-0: Ground out 5-3 (Groundball, 56S)
Batting: RHB Curt O'Brian 0-0: Ball
1-0: Swinging Strike
1-1: SINGLE (Line Drive, 9S)
Batting: LHB Steve Blankenship 0-0: Ball
1-0: Ball
Curt O'Brian is caught stealing 2nd base
2-0: Called Strike
2-1: Called Strike
2-2: Fly out, F4 (Popup, 4)
Bottom of the 2nd over - 0 runs, 1 hit, 0 errors, 0 left on base; State College 2 - Nantucket 0
TOP OF THE 3RD
State College Spikes batting - Pitching for Nantucket Orcas : RHP John Arnold
Batting: RHB Tony Flores 0-0: Ball
1-0: Ball
2-0: Fly out, F5 (Line Drive, 56D)
Batting: RHB Jorge Molina 0-0: Ball
1-0: Swinging Strike
1-1: Called Strike
1-2: Ball
2-2: Ball
3-2: Foul Ball, location: 2F
3-2: Foul Ball, location: 2F
3-2: Foul Ball, location: 2F
3-2: SINGLE (Groundball, 6MD)
Batting: RHB Norberto Márquez 0-0: Ball
1-0: Ball
2-0: Called Strike
2-1: DOUBLE (Groundball, 5L)
Jorge Molina to third
Batting: RHB Iván Romero 0-0: Ball
1-0: Ball
2-0: Called Strike
2-1: Called Strike
2-2: Foul Ball, location: 2F
2-2: Foul Ball, location: 2F
2-2: Hit by Pitch
Batting: LHB Javier Morales 0-0: Foul Ball, location: 2F
0-1: Foul Ball, location: 2F
0-2: Fly out, F9 (Line Drive, 9)
Runner from 3rd tags up, OUT at HOME
Top of the 3rd over - 0 runs, 2 hits, 0 errors, 2 left on base; State College 2 - Nantucket 0
BOTTOM OF THE 3RD
Nantucket Orcas batting - Pitching for State College Spikes : LHP Arnie Green
Batting: RHB Arturo Sousa 0-0: Foul Ball, location: 2F
0-1: Ball
1-1: Called Strike
1-2: Strikes out swinging
Batting: RHB Charlie Pérez 0-0: Called Strike
0-1: Foul Ball, location: 2F
0-2: Ball
1-2: Ground out 3-1 (Groundball, 34S)
Batting: RHB Demetrio Inrouville 0-0: Ball
1-0: Ball
2-0: Ball
3-0: Called Strike
3-1: Foul Ball, location: 2F
3-2: Strikes out looking
Bottom of the 3rd over - 0 runs, 0 hits, 0 errors, 0 left on base; State College 2 - Nantucket 0
TOP OF THE 4TH
State College Spikes batting - Pitching for Nantucket Orcas : RHP John Arnold
Batting: RHB Héctor Villarreal 0-0: Called Strike
0-1: Swinging Strike
0-2: Foul Ball, location: 2F
0-2: Ball
1-2: Ball
2-2: Foul Ball, location: 2F
2-2: SINGLE (Groundball, 3S) (infield hit)
Batting: RHB António Trevino 0-0: Called Strike
0-1: Swinging Strike
0-2: Strikes out swinging
Pitching: RHP Gerard Pérez
Batting: LHB Tom McTier 0-0: Ball
1-0: Called Strike
1-1: SINGLE (Flyball, 8RS)
Héctor Villarreal to second
Runner from 2nd tries for 3rd, SAFE, no throw
Batting: RHB Kululu Kijana 0-0: Ball
1-0: Called Strike
Tom McTier steals 2nd base
1-1: Ball
2-1: Ball
3-1: Base on Balls
Batting: RHB Tony Flores 0-0: Foul Ball, location: 2F
0-1: Hit by Pitch
Héctor Villarreal scores
Tom McTier to third
Kululu Kijana to second
Batting: RHB Jorge Molina 0-0: Ball
1-0: Ball
2-0: Swinging Strike
2-1: Ball
3-1: Base on Balls
Tom McTier scores
Kululu Kijana to third
Tony Flores to second
Batting: RHB Norberto Márquez 0-0: Ball
1-0: Ball
2-0: Fly out, F7 (Flyball, 7)
Runner from 3rd tags up, SCORES, throw made
Batting: RHB Iván Romero 0-0: Ball
1-0: Swinging Strike
1-1: Foul Ball, location: 2F
1-2: Strikes out looking
Top of the 4th over - 3 runs, 2 hits, 0 errors, 2 left on base; State College 5 - Nantucket 0
BOTTOM OF THE 4TH
Nantucket Orcas batting - Pitching for State College Spikes : LHP Arnie Green
Batting: RHB Hunter Hudson 0-0: Called Strike
0-1: Ground out 3-1 (Groundball, 34)
Batting: RHB Juan Gómez 0-0: Called Strike
0-1: Swinging Strike
0-2: Fly out, F7 (Flyball, 7D)
Batting: RHB Luis Cruz 0-0: Ball
1-0: Foul Ball, location: 2F
1-1: Ball
2-1: Ground out 5-3 (Groundball, 56S)
Bottom of the 4th over - 0 runs, 0 hits, 0 errors, 0 left on base; State College 5 - Nantucket 0
TOP OF THE 5TH
State College Spikes batting - Pitching for Nantucket Orcas : RHP Gerard Pérez
Batting: LHB Javier Morales 0-0: Ball
1-0: Ball
2-0: Called Strike
2-1: Ball
3-1: Foul Ball, location: 2F
3-2: Strikes out swinging
Batting: RHB Héctor Villarreal 0-0: Ball
1-0: Fly out, F4 (Popup, 34)
Batting: RHB António Trevino 0-0: Foul Ball, location: 2F
0-1: Swinging Strike
0-2: Ball
1-2: Strikes out looking
Top of the 5th over - 0 runs, 0 hits, 0 errors, 0 left on base; State College 5 - Nantucket 0
BOTTOM OF THE 5TH
Nantucket Orcas batting - Pitching for State College Spikes : LHP Arnie Green
Batting: SHB Cristián Salazar 0-0: Ball
1-0: Ball
2-0: SINGLE (Line Drive, 6MD)
Batting: RHB Curt O'Brian 0-0: Called Strike
Cristián Salazar steals 2nd base
0-1: Fly out, F8 (Flyball, 8LD)
Batting: LHB Steve Blankenship 0-0: Called Strike
0-1: Called Strike
0-2: 2-RUN HOME RUN (Line Drive, 9LD), Distance : 360 ft
Batting: RHB Arturo Sousa 0-0: Ground out 3-1 (Groundball, 34S)
Batting: RHB Charlie Pérez 0-0: Called Strike
0-1: Foul Ball, location: 2F
0-2: Ball
1-2: Strikes out swinging
Bottom of the 5th over - 2 runs, 2 hits, 0 errors, 0 left on base; State College 5 - Nantucket 2
TOP OF THE 6TH
State College Spikes batting - Pitching for Nantucket Orcas : RHP Gerard Pérez
Pitching: RHP Chuma Faqihi
Batting: LHB Tom McTier 0-0: Ball
1-0: SINGLE (Flyball, 89S)
Batting: RHB Kululu Kijana 0-0: Called Strike
0-1: Ball
1-1: Foul Ball, location: 2F
1-2: Foul Ball, location: 2F
1-2: SINGLE (Groundball, 4MD)
Tom McTier to second
Runner from 2nd tries for 3rd, SAFE, no throw
Batting: RHB Tony Flores 0-0: Foul Ball, location: 2F
0-1: Ground out 4-3 (Groundball, 4)
Kululu Kijana to second
Batting: RHB Jorge Molina 0-0: Called Strike
0-1: Ball
1-1: Ball
2-1: Ball
3-1: Ground out 1-3 (Groundball, 13)
Batting: RHB Norberto Márquez 0-0: Called Strike
0-1: Called Strike
0-2: Foul Ball, location: 2F
0-2: SINGLE (Groundball, 56D)
Tom McTier scores
Kululu Kijana to third
Runner from 3rd tries for Home, SAFE, no throw
Batting: RHB Iván Romero 0-0: Ball
1-0: SINGLE (Line Drive, 4D)
Norberto Márquez to second
Runner from 2nd tries for 3rd, SAFE, no throw
Batting: LHB Javier Morales 0-0: Ball
1-0: Swinging Strike
1-1: Ball
2-1: Ball
3-1: Called Strike
3-2: Foul Ball, location: 2F
3-2: Base on Balls
Iván Romero to second
Batting: RHB Héctor Villarreal 0-0: Ball
1-0: Ball
2-0: Ball
3-0: Base on Balls
Norberto Márquez scores
Iván Romero to third
Javier Morales to second
Batting: RHB António Trevino 0-0: Ball
1-0: Called Strike
1-1: Swinging Strike
Passed Ball!
Iván Romero scores
Javier Morales to third
Héctor Villarreal to second
1-2: Ball
2-2: Foul Ball, location: 2F
2-2: Strikes out looking
Top of the 6th over - 4 runs, 4 hits, 0 errors, 2 left on base; State College 9 - Nantucket 2
BOTTOM OF THE 6TH
Nantucket Orcas batting - Pitching for State College Spikes : LHP Arnie Green
Batting: RHB Demetrio Inrouville 0-0: Foul Ball, location: 2F
0-1: Ball
1-1: Called Strike
1-2: Ground out 4-3 (Groundball, 4M)
Batting: RHB Hunter Hudson 0-0: Ball
1-0: Called Strike
1-1: SINGLE (Line Drive, 8RS)
Batting: RHB Juan Gómez 0-0: Ball
1-0: Ball
Hunter Hudson steals 2nd base
2-0: Fly out, F6 (Popup, 6M)
Batting: RHB Luis Cruz 0-0: Ball
1-0: SINGLE (Line Drive, 78S)
Hunter Hudson to third
Runner from 3rd tries for Home, SAFE, no throw
Batting: SHB Cristián Salazar 0-0: Called Strike
Luis Cruz steals 2nd base
0-1: Ball
1-1: Ball
2-1: Ball
3-1: Base on Balls
Batting: RHB Curt O'Brian 0-0: Ball
1-0: Fielders Choice at 2nd, 5-4 (Groundball, 56D)
Bottom of the 6th over - 1 run, 2 hits, 0 errors, 2 left on base; State College 9 - Nantucket 3
TOP OF THE 7TH
State College Spikes batting - Pitching for Nantucket Orcas : RHP Chuma Faqihi
Batting: LHB Tom McTier 0-0: SOLO HOME RUN (Flyball, 9D), Distance : 371 ft
Batting: RHB Kululu Kijana 0-0: Foul Ball, location: 2F
0-1: Swinging Strike
0-2: Ground out 4-3 (Groundball, 4)
Batting: RHB Tony Flores 0-0: Ball
1-0: Swinging Strike
1-1: Called Strike
1-2: Strikes out swinging
Batting: RHB Jorge Molina 0-0: Ball
1-0: Ball
2-0: Ball
3-0: Base on Balls
Batting: RHB Norberto Márquez 0-0: Called Strike
0-1: Foul Ball, location: 2F
0-2: Ball
1-2: Ball
2-2: Foul Ball, location: 2F
2-2: Strikes out swinging, 2-3 out at first.
Top of the 7th over - 1 run, 1 hit, 0 errors, 1 left on base; State College 10 - Nantucket 3
BOTTOM OF THE 7TH
Nantucket Orcas batting - Pitching for State College Spikes : LHP Arnie Green
Batting: LHB Steve Blankenship 0-0: Foul Ball, location: 2F
0-1: Called Strike
0-2: Strikes out swinging
Batting: RHB Arturo Sousa 0-0: Called Strike
0-1: Ball
1-1: Foul Ball, location: 2F
1-2: Ball
2-2: Ball
3-2: Fly out, F9 (Flyball, 9)
Batting: RHB Charlie Pérez 0-0: Ball
1-0: Called Strike
1-1: Ball
2-1: Swinging Strike
2-2: Ball
3-2: Foul Ball, location: 2F
3-2: Foul Ball, location: 2F
3-2: Foul Ball, location: 2F
3-2: Foul Ball, location: 2F
3-2: Ground out 4-3 (Groundball, 4M)
Bottom of the 7th over - 0 runs, 0 hits, 0 errors, 0 left on base; State College 10 - Nantucket 3
TOP OF THE 8TH
State College Spikes batting - Pitching for Nantucket Orcas : RHP Chuma Faqihi
Batting: RHB Iván Romero 0-0: Ball
1-0: Ball
2-0: Called Strike
2-1: Foul Ball, location: 2F
2-2: Fly out, F9 (Flyball, 89S)
Pitching: RHP Juan Elías
Batting: LHB Javier Morales 0-0: Called Strike
0-1: Swinging Strike
0-2: Ball
1-2: Ball
2-2: Strikes out swinging
Batting: RHB Héctor Villarreal 0-0: Called Strike
0-1: Ball
1-1: Ball
2-1: Fly out, F4 (Line Drive, 34)
Top of the 8th over - 0 runs, 0 hits, 0 errors, 0 left on base; State College 10 - Nantucket 3
BOTTOM OF THE 8TH
Nantucket Orcas batting - Pitching for State College Spikes : LHP Arnie Green
Batting: RHB Demetrio Inrouville 0-0: Called Strike
0-1: Fly out, F3 (Popup, 3)
Batting: RHB Hunter Hudson 0-0: Called Strike
0-1: Swinging Strike
0-2: Ball
1-2: SINGLE (Groundball, 4D)
Pitching: RHP Drake Johnston
Batting: RHB Juan Gómez 0-0: Called Strike
0-1: Called Strike
0-2: Fly out, F8 (Flyball, 8LXD)
Batting: RHB Luis Cruz 0-0: Ball
1-0: Called Strike
1-1: Ball
2-1: Called Strike
2-2: Ball
3-2: Ground out 5-3 (Groundball, 56)
Bottom of the 8th over - 0 runs, 1 hit, 0 errors, 1 left on base; State College 10 - Nantucket 3
TOP OF THE 9TH
State College Spikes batting - Pitching for Nantucket Orcas : RHP Juan Elías
Batting: RHB António Trevino 0-0: Swinging Strike
0-1: Ground out 6-3 (Groundball, 6)
Batting: LHB Tom McTier 0-0: SINGLE (Groundball, 4MD)
Batting: RHB Kululu Kijana 0-0: Ball
1-0: Ball
2-0: Called Strike
2-1: Ball
3-1: Base on Balls
Tom McTier to second
Batting: RHB Tony Flores 0-0: Ball
1-0: Ball
2-0: Fielders Choice at 2nd, 1-6 (Groundball, 13)
Tom McTier to third
Batting: RHB Jorge Molina 0-0: Foul Ball, location: 2F
0-1: Foul Ball, location: 2F
0-2: Ball
1-2: Ball
2-2: Foul Ball, location: 2F
2-2: Foul Ball, location: 2F
2-2: Foul Ball, location: 2F
2-2: Strikes out swinging
Top of the 9th over - 0 runs, 1 hit, 0 errors, 2 left on base; State College 10 - Nantucket 3
BOTTOM OF THE 9TH
Nantucket Orcas batting - Pitching for State College Spikes : RHP Drake Johnston
Batting: SHB Cristián Salazar 0-0: Called Strike
0-1: Ball
1-1: Foul Ball, location: 2F
1-2: Foul Ball, location: 2F
1-2: Ground out 4-3 (Groundball, 4)
Batting: RHB Curt O'Brian 0-0: Swinging Strike
0-1: Ball
1-1: Called Strike
1-2: Foul Ball, location: 2F
1-2: Ball
2-2: Hit by Pitch
Batting: LHB Steve Blankenship 0-0: Swinging Strike
0-1: SINGLE (Flyball, 78S)
Curt O'Brian to second
Batting: RHB Arturo Sousa 0-0: Ball
1-0: Hit by Pitch
Curt O'Brian to third
Steve Blankenship to second
Batting: RHB Charlie Pérez 0-0: Swinging Strike
0-1: Ball
1-1: Foul Ball, location: 2F
1-2: Ball
2-2: Strikes out swinging
Batting: RHB Demetrio Inrouville 0-0: Ball
1-0: Called Strike
1-1: SINGLE (Groundball, 56D)
Curt O'Brian scores
Steve Blankenship to third
Arturo Sousa to second
Batting: RHB Hunter Hudson 0-0: Ball
1-0: Ground out 3-1 (Groundball, 34)
Bottom of the 9th over - 1 run, 2 hits, 0 errors, 3 left on base; State College 10 - Nantucket 4
Saturday, April 7th, 2018 - OOTP Baseball 18.8 Build 76